 Dungeon Crawl Stone Soup version 0.27-a0-679-g77a6b55cf3 (webtiles) character file.

Game seed: 14266924533055850522

102837 toffzen the Warrior (level 15, -4/136 (144) HPs)
             Began as a Yellow Draconian Berserker on Mar 17, 2021.
             Was the Champion of Trog.
             Slain by a sixfirhy (11 damage)
             ... summoned by an orc sorcerer
             ... while paralysed by an orc sorcerer
             ... on level 2 of the Orcish Mines on Mar 19, 2021.
             The game lasted 01:34:40 (29221 turns).

toffzen the Warrior (Yellow Draconian Berserker)   Turns: 29221, Time: 01:34:40

HP:   -4/136 (144)  AC: 16    Str: 20    XL:     15   Next: 87%
MP:   15/15         EV:  2    Int:  8    God:    Trog [******]
Gold: 1482          SH:  0    Dex: 16    Spells: 14/14 levels left

rFire    . . .     SeeInvis .   c - +2 demon whip
rCold    + . .     Faith    .   J - +0 tower shield
rNeg     . . .     Spirit   .   (armour unavailable)
rPois    .         Reflect  .   (helmet restricted)
rElec    .         Harm     .   D - scarf {repulsion}
rCorr    +         Rampage  .   E - +1 pair of gloves
Will     +....                  R - +0 pair of boots
Stlth    +.........             l - amulet of regeneration
HPRegen  1.32/turn              A - +4 ring of protection
MPRegen  0.14/turn              N - ring of protection from cold

@: confused, paralysed, drained, repel missiles
A: spit acid, AC +9, unfitting armour, acidic bite, cold-blooded, acid
resistance
a: Breathe Acid, Renounce Religion, Berserk, Trog's Hand, Brothers in Arms


You were on level 2 of the Orcish Mines.
You worshipped Trog.
Trog was exalted by your worship.
You visited 3 branches of the dungeon, and saw 23 of its levels.

You collected 1737 gold pieces.
You spent 255 gold pieces at shops.

Inventory:

Hand Weapons
 a - a +1 vampiric flail
 b - the +4 hunting sling of the Hungering Ancients {freeze, Str+4}
   (You found it on level 5 of the Lair of Beasts)

   It causes projectiles fired from it to freeze those they strike, causing
   extra injury to most foes and up to half again as much damage against
   particularly susceptible opponents.
   They can also slow down cold-blooded creatures.
   It affects your strength (+4).
 c - a +2 demon whip (weapon)
 y - a +1 mace of holy wrath
 X - a +2 morningstar of freezing
 Z - a +3 morningstar of flaming
Missiles
 m - 56 poisoned darts
 F - 4 curare-tipped darts
 P - 3 throwing nets
 W - 725 stones (quivered)
Armour
 j - a +0 buckler
 D - a scarf of repulsion (worn)
 E - a +1 pair of gloves (worn)
 J - a +0 tower shield (worn)
 R - a +0 pair of boots (worn)
 V - the +0 pair of gloves of the Apprentice {rC+ rCorr Str-2 Int+3}
   (You found it on level 11 of the Dungeon)

   It affects your strength (-2).
   It affects your intelligence (+3).
   It protects you from cold.
   It provides partial protection from all sources of acid and corrosion.
Jewellery
 l - an amulet of regeneration (around neck)
 z - a ring of protection from fire
 A - a +4 ring of protection (right hand)
 N - a ring of protection from cold (left hand)
 Q - the ring of Feawoed {rN+ Int-5 Dex+6}
   (You found it on level 3 of the Lair of Beasts)

   [ring of positive energy]

   It affects your intelligence (-5).
   It affects your dexterity (+6).
   It protects you from negative energy.
Wands
 n - a wand of flame (25)
 s - a wand of digging (1)
 I - a wand of mindburst (9)
 L - a wand of charming (8)
 M - a wand of paralysis (39)
 S - a wand of iceblast (22)
 T - a wand of acid (15)
Scrolls
 g - 5 scrolls of teleportation
 h - 4 scrolls of enchant armour
 i - 2 scrolls of noise
 o - 4 scrolls of enchant weapon
 u - 4 scrolls of blinking
 x - 3 scrolls of magic mapping
 C - a scroll of immolation
 H - 3 scrolls of fear
 Y - a scroll of silence
Potions
 d - 6 potions of lignification
 f - 2 potions of heal wounds
 q - 4 potions of flight
 r - 5 potions of might
 t - 2 potions of ambrosia
 v - 5 potions of curing
 w - 2 potions of mutation
 K - 3 potions of cancellation
 O - a potion of haste
 U - 2 potions of invisibility
Miscellaneous
 p - a tin of tremorstones (2/2)


   Skills:
 - Level 16.2 Fighting
 - Level 16.0 Maces & Flails
 - Level 14.1 Dodging
 * Level 10.2 Shields


You had 14 spell levels left.
You didn't know any spells.
Your spell library was empty.

Dungeon Overview and Level Annotations

Branches:
Dungeon (15/15)            Temple (0/1) D:7            Lair (6/6) D:8
 Shoals (0/4) Lair:4       Spider (0/4) Lair:4        Slime (0/5) Lair:6
    Orc (2/2) D:9          Vaults (0/5) D:14         Depths (0/5) D:15
    Elf: Orc:2

Altars:
Dithmenos
Elyvilon
Fedhas
Makhleb
Okawaru
Qazlal
Ru
Uskayaw
Vehumet

Shops:
D:13 *

Annotations:
D:7 exclusion: downstairs
D:8 3 runed translucent doors, t4s4d4r's ghost, novice DgTm
D:12 3 runed translucent doors, Hunud's ghost, journeyman MiBe
Lair:1 exclusion: oklob plant, Sonja
Lair:4 exclusions: basilisk, 2 oklob plants and 4 more exclusions


Innate Abilities, Weirdness & Mutations

You can spit globs of acid.
Your golden yellow scales are hard. (AC +9)
You cannot fit into any form of body armour.
You have acidic saliva.
You are cold-blooded and may be slowed by cold attacks.
You are resistant to acid. (rCorr)


Message History

You suddenly lose the ability to move!
The orc wizard hits you but does no damage.
The orc warrior barely misses you. The sixfirhy hits you!
The sixfirhy shocks you! The sixfirhy hits you. The sixfirhy shocks you!
The orc sorcerer casts a spell.
The sixfirhy hits you but does no damage.
The orc wizard hits you with a +0 dagger.
The orc warrior hits you with a +0 battleaxe!!
The sixfirhy hits you but does no damage.
The orc sorcerer hits you with a +0 dagger.
The orc wizard hits you but does no damage.
The orc warrior hits you with a +0 battleaxe.
An orc warrior comes into view. It is wielding a +0 short sword.
The orc sorcerer hits you but does no damage.
The orc wizard hits you but does no damage.
The sixfirhy hits you but does no damage.
The orc sorcerer hits you but does no damage.
The orc wizard casts a spell at you.
You are confused.
The orc warrior hits you with a +0 battleaxe!!
The orc sorcerer hits you with a +0 dagger.
The sixfirhy hits you. The sixfirhy shocks you!
* * * LOW HITPOINT WARNING * * *
The sixfirhy hits you but does no damage.
The sixfirhy barely misses you. The sixfirhy hits you!
* * * LOW HITPOINT WARNING * * *
The sixfirhy shocks you!
* * * LOW HITPOINT WARNING * * *
The orc sorcerer hits you but does no damage.
The orc wizard hits you but does no damage.
The orc warrior hits you with a +0 battleaxe.
* * * LOW HITPOINT WARNING * * *
The orc sorcerer hits you but does no damage.
The orc warrior shouts!
The sixfirhy hits you but does no damage.
The sixfirhy hits you.
* * * LOW HITPOINT WARNING * * *
The sixfirhy shocks you!
You die...

........ .....o
..........##.#.#..
..o......#........
...............o..
..................
.......(..........
........(.........
........ooĆ·.......
........@33....o..
........oo........
........##........
........##..$.....
....#.......o.....
.#......#.........
.......###........
.#....# ##.......


You could see an orc high priest, a sixfirhy (summoned), a neqoxec (summoned), 2
orc sorcerers, 4 orc warriors and an orc wizard.

Vanquished Creatures
  2 orc warlords (Orc:1)
  An ettin (D:14)
  Harold (D:10)
  3 catoblepae
  11 hydras
  4 boulder beetles
  4 centaur warriors
  A death knight (D:12)
  A tengu warrior (D:14)
  4 death yaks
  An orc high priest (Orc:1)
  5 two-headed ogres
  A hell knight (D:15)
  6 skeletal warriors
  A death drake (shapeshifter) (D:13)
  7 unseen horrors
  A deep elf archer (D:14)
  A deep elf zephyrmancer (D:14)
  6 deep elf pyromancers
  3 wolf spiders
  A lindwurm (Lair:6)
  Pikel (D:5)
  2 orc knights
  2 orc sorcerers (Orc:1)
  7 ugly things
  2 cyclopes
  6 elephants
  3 black mambas
  Maurice (D:10)
  15 cane toads
  A gargoyle (D:14)
  A kobold demonologist (D:14)
  A yaktaur (D:13)
  8 rime drakes
  2 freezing wraiths
  Maggie (Lair:1)
  5 komodo dragons
  3 polar bears (Lair:6)
  2 ice devils (D:15)
  12 trolls
  A tengu conjurer (D:14)
  3 jumping spiders
  2 hornets (Lair:6)
  16 blink frogs
  13 slime creatures
  9 dream sheep
  12 spriggans (Lair:6)
  2 vampires (D:12)
  9 wyverns
  57 yaks
  2 shadows (D:14)
  Eustachio (D:5)
  A steam dragon (D:15)
  6 wraiths
  9 basilisks
  2 vampire mosquitoes (D:15)
  3 wargs (Orc:1)
  An acid dragon (D:11)
  2 soldier ants (D:12)
  14 water moccasins
  25 orc warriors
  7 black bears
  5 sky beasts
  3 ice beasts
  A necrophage (D:11)
  7 ogres
  30 wolves
  13 centaurs
  5 boggarts (Lair:6)
  2 lemures
  A phantom (D:7)
  7 kobold brigands
  26 bullfrogs
  3 wyvern skeletons
  2 scorpions
  7 killer bees
  21 wights
  3 electric eels
  4 howler monkeys
  4 bullfrog zombies
  A crimson imp (D:5)
  A quasit (D:13)
  4 centaur zombies
  A gnoll shaman (D:6)
  6 hounds
  4 jellies
  7 centaur skeletons
  19 orc priests
  2 bullfrog skeletons
  2 iguanas
  24 orc wizards
  5 hell rats (Lair:4)
  11 worker ants
  A worker ant zombie (D:6)
  12 gnolls
  18 adders
  2 shadow imps
  4 white imps
  4 ufetubi
  2 oozes
  An adder zombie (D:5)
  4 adder skeletons
  4 worms
  4 dart slugs
  14 leopard geckos
  66 orcs
  10 bats
  4 giant cockroaches
  7 goblins
  4 hobgoblins
  7 jackals
  5 quokkas
  A ball python (D:3)
  A ball python skeleton (D:5)
  4 frilled lizards
  2 jackal zombies
  17 kobolds
  8 rats
774 creatures vanquished.

Vanquished Creatures (collateral kills)
  A troll (D:9)
  A centaur (D:9)
  A wight (D:9)
  2 orcs (D:9)
5 creatures vanquished.

Vanquished Creatures (others)
  An ogre mage (D:15)
  2 orcs (D:13)
  A butterfly (D:6)
  83 fungi
  79 plants
  15 toadstools (Lair:1)
181 creatures vanquished.

Grand Total: 960 creatures vanquished

Notes
Turn   | Place    | Note
-------+----------+-------------------------------------------
     0 | D:1      | toffzen the Draconian Berserker began the quest for the
                  | Orb.
     0 | D:1      | Reached XP level 1. HP: 19/19 MP: 1/1
   179 | D:1      | Reached XP level 2. HP: 26/26 MP: 2/2
   706 | D:1      | Reached XP level 3. HP: 31/31 MP: 3/3
  1131 | D:1      | Found a stormy altar of Qazlal.
  1507 | D:2      | Reached ** piety under Trog
  1748 | D:2      | Reached XP level 4. HP: 40/40 MP: 4/4
  2374 | D:2      | Reached skill level 1 in Shields
  2644 | D:3      | Reached XP level 5. HP: 45/46 MP: 5/5
  2833 | D:3      | Found a sacrificial altar of Ru.
  3328 | D:4      | Noticed an ogre
  3344 | D:4      | Killed an ogre
  3345 | D:4      | Reached skill level 5 in Maces & Flails
  3345 | D:4      | Reached XP level 6. HP: 53/53 MP: 6/6
  3847 | D:4      | Found a hide-covered altar of Uskayaw.
  4415 | D:5      | Entered Level 5 of the Dungeon
  4441 | D:5      | Reached *** piety under Trog
  4488 | D:4      | Reached skill level 5 in Fighting
  4488 | D:4      | Your scales start taking on a golden yellow colour.
  4488 | D:4      | Reached XP level 7. HP: 61/61 MP: 7/7
  4488 | D:4      | Gained mutation: You are resistant to acid. (rCorr) [Yellow
                  | Draconian growth]
  4608 | D:5      | Found an iron altar of Okawaru.
  4699 | D:5      | Noticed Eustachio
  4719 | D:5      | Killed Eustachio
  4867 | D:5      | Found a shadowy altar of Dithmenos.
  5086 | D:5      | Found a burning altar of Makhleb.
  5095 | D:5      | Reached XP level 8. HP: 69/69 MP: 8/8
  5428 | D:6      | Found a white marble altar of Elyvilon.
  5608 | D:6      | Noticed Pikel
  5646 | D:5      | Killed Pikel
  5647 | D:5      | Reached skill level 5 in Dodging
  6598 | D:6      | Reached XP level 9. HP: 76/78 MP: 9/9
  7170 | D:6      | Reached **** piety under Trog
  8131 | D:7      | Found a staircase to the Ecumenical Temple.
  8540 | D:7      | Reached skill level 10 in Maces & Flails
  8793 | D:8      | Reached XP level 10. HP: 88/88 MP: 10/10
  9147 | D:8      | Reached ***** piety under Trog
  9197 | D:8      | Noticed a two-headed ogre
  9216 | D:8      | Killed a two-headed ogre
  9315 | D:8      | Found a runed translucent gate.
  9316 | D:8      | Found a runed translucent gate.
  9316 | D:8      | Found a runed translucent gate.
  9318 | D:8      | Noticed t4s4d4r's ghost (novice DgTm)
  9974 | D:8      | Killed an unseen horror
 10134 | D:8      | Killed an unseen horror
 10177 | D:8      | Found a staircase to the Lair.
 10323 | D:8      | Found a blossoming altar of Fedhas.
 10488 | D:9      | Found a staircase to the Orcish Mines.
 11088 | D:10     | Entered Level 10 of the Dungeon
 11105 | D:9      | Reached XP level 11. HP: 97/97 MP: 11/11
 11191 | D:10     | Noticed Maurice
 11285 | D:10     | Killed Maurice
 11735 | D:10     | Noticed Harold
 11752 | D:10     | Killed Harold
 11753 | D:10     | Reached skill level 10 in Fighting
 12337 | Lair:1   | Entered Level 1 of the Lair of Beasts
 12452 | Lair:1   | Found a blossoming altar of Fedhas.
 12466 | Lair:1   | Noticed an oklob plant
 12573 | Lair:1   | Noticed an eight-headed hydra
 12593 | Lair:1   | Killed an eight-headed hydra
 12734 | Lair:1   | Noticed a six-headed hydra
 12748 | Lair:1   | Killed a six-headed hydra
 12907 | Lair:1   | Noticed Maggie
 12920 | Lair:1   | Killed Maggie
 13001 | Lair:1   | Noticed Sonja
 13816 | Lair:2   | Noticed a five-headed hydra
 13828 | Lair:2   | Killed a five-headed hydra
 13829 | Lair:2   | Reached XP level 12. HP: 52/108 MP: 12/12
 14055 | Lair:2   | Received a gift from Trog
 14865 | Lair:3   | Identified the ring of Feawoed {rN+ Int-5 Dex+6}
 14973 | Lair:3   | Noticed a death yak
 15010 | Lair:3   | Killed a death yak
 15011 | Lair:3   | Reached skill level 10 in Dodging
 15019 | Lair:3   | Noticed an eight-headed hydra
 15070 | Lair:3   | Killed an eight-headed hydra
 15160 | Lair:3   | Noticed a death yak
 15195 | Lair:2   | Killed a death yak
 15329 | Lair:3   | Noticed a death yak
 15329 | Lair:3   | Noticed a death yak
 15329 | Lair:3   | Noticed a death yak
 15364 | Lair:2   | Killed a death yak
 15463 | Lair:2   | Killed a death yak
 15899 | Lair:4   | Noticed an eight-headed hydra
 15907 | Lair:4   | Killed an eight-headed hydra
 15908 | Lair:4   | Reached skill level 15 in Maces & Flails
 15908 | Lair:4   | Reached XP level 13. HP: 118/118 MP: 13/13
 16533 | Lair:4   | Received a gift from Trog
 17110 | Lair:4   | Upgraded the game from 0.27-a0-668-gb5737ff2c0 to
                  | 0.27-a0-679-g77a6b55cf3
 17718 | Lair:4   | Found a staircase to the Shoals.
 17922 | Lair:4   | Found a hole to the Spider Nest.
 18835 | Lair:5   | Identified the +4 hunting sling of the Hungering Ancients
                  | {freeze, Str+4}
 19099 | Lair:6   | Entered Level 6 of the Lair of Beasts
 19674 | Lair:6   | Received a gift from Trog
 19706 | Lair:6   | Gained mutation: You have acidic saliva. [Yellow Draconian
                  | growth]
 19706 | Lair:6   | Reached XP level 14. HP: 105/130 MP: 14/14
 20090 | Lair:6   | Found a staircase to the Slime Pits.
 21423 | D:11     | Found the +5 scythe "Finisher" {speed, eviscerate}
 21485 | D:11     | Identified the +0 pair of gloves of the Apprentice {rC+
                  | rCorr Str-2 Int+3}
 22747 | D:12     | Received a gift from Trog
 22879 | D:12     | Reached skill level 15 in Fighting
 23286 | D:12     | Found a runed translucent gate.
 23286 | D:12     | Found a runed translucent gate.
 23289 | D:12     | Found a runed translucent gate.
 23291 | D:12     | Noticed Hunud's ghost (journeyman MiBe)
 23409 | D:12     | Found a radiant altar of Vehumet.
 23842 | D:13     | Found Riesyeni's Assorted Antiques.
 23895 | D:13     | Bought a scroll of fear for 119 gold pieces
 23895 | D:13     | Bought a scroll of teleportation for 102 gold pieces
 23895 | D:13     | Bought a scroll labelled ANUARI BOTIUW for 34 gold pieces
 25264 | D:14     | Reached XP level 15. HP: 143/143 MP: 15/15
 25415 | D:14     | Received a gift from Trog
 25602 | D:14     | Found a gate to the Vaults.
 26365 | D:15     | Entered Level 15 of the Dungeon
 26573 | D:15     | Reached skill level 5 in Shields
 28061 | D:15     | Found a staircase to the Depths.
 28416 | Orc:1    | Entered Level 1 of the Orcish Mines
 28645 | Orc:2    | Entered Level 2 of the Orcish Mines
 28663 | Orc:2    | Reached ****** piety under Trog
 28734 | Orc:2    | Noticed an orc warlord
 28803 | Orc:1    | Killed an orc warlord
 28994 | Orc:2    | Noticed an orc warlord
 29015 | Orc:1    | Killed an orc warlord
 29016 | Orc:1    | Reached skill level 10 in Shields
 29215 | Orc:2    | Paralysed by an orc sorcerer for 6 turns
 29221 | Orc:2    | Slain by a sixfirhy

Illustrated notes

Levels and vault maps discovered:
D:1:      dpeg_arrival_lava_altar, layout_basic
D:2:      layout_loops_ring, chequers_serial_rivers_marsh
D:3:      layout_rooms, marbit_many_paths, st_stairs_2, item_on_display_a
D:4:      layout_basic, nicolae_uskayaw_murder_on_the_dancefloor,
          minmay_misc_feat_alley
D:5:      layout_basic, lemuel_round_altar, general_overflow_altar,
          makhleb_grotto_becter, uniq_eustachio
D:6:      layout_layer_cave, nicolae_elyvilon_peaceful_grove,
          minmay_starry_boxes, uniq_pikel
D:7:      layout_loops_cross, minmay_temple_entry_trees, kennysheep_another_room
D:8:      layout_loops_ring, lemuel_coloured_pillars_altar,
          grunt_lair_entry_orc_guard_hut, gammafunk_ghost_spectres,
          minmay_fountain_box, grunt_ministairs_7,
          minmay_misc_feat_secret_circle, roderic_roman_lattice, kb_rosetta
D:9:      layout_rooms
D:10:     layout_stronghold, uniq_maurice, uniq_harold
D:11:     layout_irregular_city, minmay_guarded_unrand_finisher
D:12:     minmay_four_partial_circles, layout_basic, gammafunk_ghost_necromancy,
          basic_altar
D:13:     layout_gridville, serial_shops, shop
D:14:     layout_roguey, hangedman_vaults_entry_quadrant_bands, minivault_26
D:15:     hangedman_depths_entry_civil_slaughter, layout_cave_pools,
          portal_ice_cave_demonic_guard, minmay_door_square
Lair:1:   layout_regular_city, minivault_24, tgw_fedhas, grunt_megastairs_1,
          uniq_sonja, uniq_maggie
Lair:2:   layout_gridlike, serial_bayou_shore_a
Lair:3:   layout_chaotic_city, grunt_megastairs_5
Lair:4:   layout_roguey [special_room_mythical_zoo], elwin_shoals_entry_rooms,
          spider_nest_entry_funnel_web, beast_lair_carwin_1,
          minmay_lair_oklob_chamber, grunt_megastairs_3,
          infiniplex_staircase_pool_2, lemuel_fruit_fields
Lair:5:   layout_cave_pods
Lair:6:   minmay_lair_end_enchanted_forest, layout_loops_ring,
          minmay_slime_entry_pillars, grunt_megastairs_2
Orc:1:    layout_diamond_mine
Orc:2:    grunt_orc_gardens, layout_caves, grunt_orc_garden, grunt_orc_garden,
          grunt_orc_garden, grunt_orc_garden, basic_altar, serial_shops, shop

Skill      XL: |  1  2  3  4  5  6  7  8  9 10 11 12 13 14 15 |
---------------+----------------------------------------------+-----
Dodging        | 3 4 5 7 8 9 10 11 13 14 | 14.1
Maces & Flails | 4 5 6 8 10 11 13 15 16 | 16.0
Fighting       | 4 5 6 8 9 10 12 13 15 16 | 16.2
Shields        | 1 2 3 4 10 | 10.2

Action                   |  1- 3 |  4- 6 |  7- 9 | 10-12 | 13-15 || total
-------------------------+-------+-------+-------+-------+-------++-------
Melee: Mace              |    96 |   206 |   285 |    22 |       ||   609
       Tailslap          |    10 |    16 |    57 |   177 |   529 ||   789
       Flail             |       |       |   185 |   977 |  1258 ||  2420
       Demon whip        |       |       |       |       |  1269 ||  1269
       Bite              |       |       |       |       |   293 ||   293
       Morningstar       |       |       |       |       |    74 ||    74
 Fire: Hunting sling     |       |       |       |       |    10 ||    10
Throw: Stone             |       |    57 |    35 |    41 |    28 ||   161
       Dart              |       |     3 |     4 |     4 |       ||    11
Invok: Berserk           |     2 |     5 |     9 |    13 |    17 ||    46
       Trog's Hand       |       |       |     4 |     6 |    14 ||    24
       Brothers in Arms  |       |       |       |     1 |       ||     1
 Abil: Breathe Acid      |       |       |     8 |     9 |    12 ||    29
Evoke: Wand              |       |     2 |       |    11 |     3 ||    16
  Use: Scroll            |       |     2 |     6 |    12 |    12 ||    32
       Potion            |       |       |       |       |     3 ||     3
 Stab: Distracted        |       |       |     1 |     1 |       ||     2
       Sleeping          |       |       |       |     1 |       ||     1
Armor: Skin              |    26 |    49 |   118 |   241 |   525 ||   959
Dodge: Dodged            |    59 |   146 |   244 |   516 |  1305 ||  2270
       Repelled          |       |       |       |     2 |    20 ||    22
Block: Buckler           |     1 |    36 |    99 |   170 |   325 ||   631
       Tower shield      |       |       |       |       |   490 ||   490

Table legend: (Time is in decaauts)
 A = Elapsed time spent in this place.
 B = Non-inter-level travel time spent in this place.
 C = Inter-level travel time spent in this place.
 D = Time resting spent in this place.
 E = Time spent auto-exploring this place.
 F = Levels seen in this place.
 G = Mean time per level.
                   A        B        C        D        E       F      G
               +--------+--------+--------+--------+--------+-----+--------+
         Total |  28838 |  27365 |   1473 |   5500 |  11336 |  23 | 1253.8 |
       Dungeon |  19492 |  18389 |   1103 |   3774 |   7553 |  15 | 1299.5 |
          Lair |   8555 |   8210 |    345 |   1416 |   3683 |   6 | 1425.8 |
  Orcish Mines |    791 |    767 |     24 |    310 |     99 |   2 |  395.5 |
               +--------+--------+--------+--------+--------+-----+--------+

Top non-repeatable levels by time:
     D:6: 2055 daAuts
  Lair:4: 1714 daAuts
     D:8: 1712 daAuts
  Lair:6: 1639 daAuts
    D:14: 1591 daAuts
    D:15: 1466 daAuts
  Lair:2: 1422 daAuts
     D:4: 1347 daAuts
  Lair:1: 1346 daAuts
     D:5: 1306 daAuts
    D:13: 1295 daAuts
    D:12: 1289 daAuts
  Lair:5: 1246 daAuts
     D:1: 1189 daAuts
  Lair:3: 1186 daAuts
